 Dungeon Crawl Stone Soup version 0.30-a0-223-gcb0039aa0c (webtiles) character file.

Game seed: 3076700086459728098

121059 qw the Peltast (level 16, 0/104 HPs)
             Began as a Gargoyle Fighter on Oct 9, 2022.
             Was an Elder of Okawaru.
             Killed from afar by a thorn hunter (16 damage)
             ... with a volley of thorns
             ... on level 3 of the Swamp.
             The game lasted 00:11:19 (25363 turns).

qw the Peltast (Gargoyle Fighter)                  Turns: 25363, Time: 00:11:19

Health: 0/104      AC: 43    Str: 35    XL:     16   Next: 84%
Magic:  18/23      EV: 10    Int: 13    God:    Okawaru [****..]
Gold:   336        SH: 21    Dex:  9    Spells: 15/15 levels left

rFire   + + .      SeeInvis +    Y - +9 war axe (spect)
rCold   + . .      Faith    .    i - +0 tower shield "Seadab" {+Blink}
rNeg    + . .      Spirit   .    q - +0 plate armour of the Depths {Will+ Int+2}
rPois   inf        Reflect  .    s - +2 helmet {SInv}
rElec   +          Harm     .    (no cloak)
rCorr   .          Rampage  .    x - +2 pair of gloves
Will    ++...                    F - +1 pair of boots "Pirphadgha" {rF++ Stlth-}
Stlth   ..........               B - amulet of the acrobat
HPRegen 0.37/turn                l - +4 ring of protection
MPRegen 0.18/turn                w - ring of Saotaz {*Corrode rElec rC+ Str+9}

@: about to teleport, heroic, finesse-ful, flying
A: sickness immunity, AC +12, big wings, negative energy resistance 1,
electricity resistance, torment resistance 1, petrification resistance, claws 1,
hooves 1
a: Renounce Religion, Evoke Blink, Heroism, Finesse


You were on level 3 of the Swamp.
You worshipped Okawaru.
Okawaru was greatly pleased with you.
You visited 4 branches of the dungeon, and saw 25 of its levels.
You also visited: Ossuary and Gauntlet.

You collected 2444 gold pieces.
You spent 2108 gold pieces at shops.


Innate Abilities, Weirdness & Mutations

You are immune to sickness and miasma.
Your stone body is resilient. (AC +12)
You are immune to poison.
Your large and strong wings let you fly.
You resist negative energy. (rN+)
You are resistant to electric shocks. (rElec)
You are resistant to unholy torment.
You are immune to petrification.
You have sharp fingernails.
You have large cloven feet.


   Skills:
 - Level 13.0(18.0) Fighting
 - Level 16.0(21.0) Axes
 - Level 6.7(11.7) Throwing
 + Level 11.0(16.0) Armour
 - Level 3.0(8.0) Dodging
 - Level 17.0(22.0) Shields
 - Level 10.4 Invocations


You had 15 spell levels left.
You didn't know any spells.
Your spell library was empty.

Inventory:

Hand Weapons
 g - the +4 whip of Costrol {freeze, *Noise rN+ Will+ rCorr}
   (You found it on level 3 of the Dungeon)

   It freezes those it strikes, dealing additional cold damage.
   It can also slow down cold-blooded creatures.
   rN:        It protects you from negative energy.
   *Noise:    It may make noises in combat.
   rCorr:     It protects you from acid and corrosion.
   Will:      It increases your willpower.
 t - a -2 demon whip of venom
 Y - a +9 spectral war axe (weapon)
Missiles
 p - 3 javelins (quivered)
 r - 9 boomerangs
 D - 2 silver boomerangs
Armour
 c - the +1 hat "Ozyishryi" {rPois rF+ rCorr Dex-5}
   (You found it in a Gauntlet)

   Dex:       It affects your dexterity (-5).
   rF:        It protects you from fire.
   rPois:     It protects you from poison.
   rCorr:     It protects you from acid and corrosion.
 i - the +0 tower shield "Seadab" (worn) {+Blink}
   (Okawaru gifted it to you on level 10 of the Dungeon)

   +Blink:    It lets you blink.
 q - the +0 plate armour of the Depths (worn) {Will+ Int+2}
   (You acquired it on level 6 of the Dungeon)

   Int:       It affects your intelligence (+2).
   Will:      It increases your willpower.
 s - a +2 helmet of see invisible (worn)
 x - a +2 pair of gloves (worn)
 y - the +3 pair of mountain boots {steadfast, rC+}
   (You found it in a Gauntlet)

   It prevents involuntary movement, except for blinking, teleportation, or
   banishment.
   rC:        It protects you from cold.
 A - +0 acid dragon scales
 C - +0 fire dragon scales
 F - the +1 pair of boots "Pirphadgha" (worn) {rF++ Stlth-}
   (You bought it in a shop on level 2 of the Orcish Mines)

   rF:        It greatly protects you from fire.
   Stlth:     It makes you less stealthy.
 I - the +1 plate armour "Hoxzaah" {Rampage}
   (Okawaru gifted it to you on level 2 of the Swamp)

   Rampage:   It bestows one free step when moving towards enemies.
Jewellery
 l - a +4 ring of protection (left hand)
 n - a ring of protection from fire
 w - the ring of Saotaz (right hand) {*Corrode rElec rC+ Str+9}
   (You took it off a minotaur in a Gauntlet)

   [ring of protection from cold]

   Str:       It affects your strength (+9).
   rC:        It protects you from cold.
   rElec:     It insulates you from electricity.
   *Corrode:  It may corrode you when you take damage.
 z - a +6 ring of strength
 B - an amulet of the acrobat (around neck)
 E - a ring of fire
 H - a ring of ice
Scrolls
 f - 11 scrolls of identify
 j - 3 scrolls of enchant armour
 m - 15 scrolls of teleportation
 G - a scroll of brand weapon
Potions
 a - 6 potions of lignification
 b - 2 potions of attraction
 d - 4 potions of might
 e - 3 potions of magic
 h - 10 potions of heal wounds
 k - 27 potions of curing
 o - 6 potions of mutation
 u - 4 potions of haste
 v - 2 potions of resistance

Dungeon Overview and Level Annotations

Branches:
Dungeon (15/15)            Temple (0/1) D:7            Lair (5/5) D:9
  Swamp (3/4) Lair:2       Spider (0/4) Lair:2        Slime (0/5) Lair:5
    Orc (2/2) D:10            Elf (0/3) Orc:2        Vaults (0/5) D:14
 Depths (0/4) D:15        Ossuary (visited)         Gauntlet (visited)

Altars:
Ashenzari
Cheibriados
Dithmenos
Fedhas
Makhleb
Okawaru
Ru
Sif Muna
Trog
Wu Jian
Yredelemnul
Zin
The Shining One
Jiyva
Lugonu

Shops:
D:4 :   D:6 (   D:10 (   D:14 [   D:15 =   Orc:1 !(   Orc:2 ?[[(

Portals:
Hell: Lair:5

Annotations:
D:3 3 runed translucent doors, qw's ghost, amateur GrFi
D:10 2 transporters, Icreabex's ghost, journeyman MfSk
D:12 3 runed translucent doors, MackTheFife's ghost, journeyman OgFi
D:15 1 transporter, qw's ghost, journeyman GrFi


Message History

Okawaru will no longer gift you equipment.
Found a stone staircase leading up.
Thorny briars emerge from the ground!
The alligator puts on a burst of speed!
The thorn hunter fires a volley of thorns at you.
The volley of thorns hits you!!
The thorn hunter hits the briar patch! x2
The briar patch is destroyed!
The thorn hunter fires a volley of thorns at you.
The volley of thorns hits you!
The thorn hunter fires a volley of thorns at you.
The volley of thorns misses you.
The thorn hunter fires a volley of thorns at you.
The volley of thorns misses you.
The thorn hunter fires a volley of thorns at you.
The volley of thorns hits you!!
The thorn hunter fires a volley of thorns at you.
The volley of thorns misses you.
The briar patch crumbles away. x3
The thorn hunter fires a volley of thorns at you.
You block the volley of thorns.
The briar patch crumbles away. x2
The thorn hunter fires a volley of thorns at you.
The volley of thorns misses you.
The briar patch crumbles away.
You block the tyrant leech's attack.
The thorn hunter hits the briar patch but does no damage.
The thorn hunter hits the briar patch!!
The briar patch is destroyed!
You barely miss the tyrant leech. You completely miss the briar patch.
Your +9 spectral war axe hits the briar patch! x2
The briar patch crumbles away.
The thorn hunter fires a volley of thorns at you.
The volley of thorns hits you!!
25363 ||| READING 16 scrolls of teleportation.
As you read the scroll of teleportation, it crumbles to dust.
You feel strangely unstable.
The briar patch crumbles away.
The tyrant leech bites you. You block the alligator's attack. x2
The thorn hunter fires a volley of thorns at you.
The volley of thorns hits you!
You die...

~777~~...~~~. .
..~7~...~~¤
~.~~.~~...~.77
7.~~~.~~~.7.~7 7
.~~~~.~~~.~.~77~7
.<..~.......~~...
...~~P7tw.fP..~~~
7.@~..PPP~~~
7..¤~~.~¤~~~
77<¤¤~~~~~~~
7.....~~~~~¤~~~~
...~~.~~~~~~~~~~.
~~~~.....~~...~~7
~~.77..~..~77.~.7
~~ ~.~77~77


7777 ~ .~77 777 You could see a thorn hunter, an alligator (swift) and a tyrant
leech.

Vanquished Creatures
  Rupert (D:14)
  Gastronok (Lair:2)
  Aizul (Swamp:2)
  Louise (Swamp:2)
  Azrael (D:12)
  An eleionoma (Swamp:2)
  A bunyip (Swamp:1)
  3 ettins
  A minotaur (Gauntlet)
  Josephine (D:14)
  A fire dragon (D:15)
  4 vault guards (D:14)
  A rakshasa (D:15)
  Harold (D:9)
  A ghost crab (Swamp:2)
  6 hydras
  3 centaur warriors
  4 boulder beetles
  An ogre mage (D:15)
  6 alligators
  A death knight (D:12)
  10 two-headed ogres
  A tengu warrior (D:15)
  A sun demon (Lair:5)
  5 orc high priests
  2 skeletal warriors (D:12)
  Amaemon (Lair:2)
  3 goliath frogs
  4 bog bodies
  2 deep trolls (D:15)
  2 swamp dragons (Swamp:2)
  2 spriggan druids (Swamp:2)
  3 orc knights
  A phantasmal warrior (D:12)
  Pikel (D:4)
  2 necromancers (D:15)
  8 deep elf pyromancers
  4 wizards
  A lindwurm (Lair:4)
  5 ugly things
  A shining eye (Gauntlet)
  A moth of wrath (Gauntlet)
  A will-o-the-wisp (Swamp:2)
  4 orc sorcerers
  3 wolf spiders
  2 manticores
  5 cyclopes
  A guardian serpent (shapeshifter) (D:12)
  2 orange demons
  11 elephants
  4 black mambas
  A smoke demon (Lair:5)
  A torpor snail (Lair:5)
  7 cane toads
  2 gargoyles
  2 unseen horrors (D:13)
  2 rime drakes
  5 kobold demonologists
  2 efreet
  A yaktaur (D:12)
  10 unseen horror zombies (D:9)
  3 ice devils (Lair:5)
  6 komodo dragons
  A freezing wraith (D:14)
  2 red devils (Lair:5)
  A hornet (D:9)
  2 polar bears
  A bloated husk (Swamp:2)
  9 trolls
  4 tyrant leeches
  18 slime creatures
  A wind drake (shapeshifter) (D:14)
  6 blink frogs
  A culicivora (shapeshifter) (D:13)
  2 jumping spiders (Lair:2)
  5 wyverns
  48 yaks
  A centaur simulacrum (D:15)
  10 wraiths
  3 basilisks
  A golden eye (Gauntlet)
  5 redbacks
  3 steam dragons
  17 vampire mosquitoes
  A warg (Orc:1)
  11 swamp worms
  9 hell hounds
  3 acid dragons
  13 water moccasins
  A swamp drake (D:10)
  A floating eye (Gauntlet)
  27 orc warriors
  A hornet zombie (D:9)
  3 ice beasts
  A sky beast (D:7)
  4 black bears
  21 wolves
  4 centaurs
  7 ogres
  A lemure (D:4)
  A phantom (D:5)
  3 kobold brigands
  9 bullfrogs
  4 scorpions
  2 necrophages
  3 gnoll sergeants
  5 two-headed ogre simulacra (D:11)
  11 wights (D:9)
  A troll zombie (Ossuary)
  3 howler monkeys
  9 crimson imps (D:8)
  11 centaur zombies
  2 hounds
  2 jellies (D:7)
  29 orc priests
  2 gnoll boudas (D:7)
  Natasha (twice) (D:3)
  2 iguanas
  22 orc wizards
  2 troll simulacra (D:11)
  An ogre zombie (Ossuary)
  7 mummies (Ossuary)
  Robin (D:4)
  4 howler monkey zombies (D:9)
  15 gnolls
  4 adders
  5 shadow imps
  4 white imps
  2 ufetubi
  3 adder zombies (Ossuary)
  84 orcs
  9 ball pythons
  3 bats
  6 endoplasms
  2 giant cockroaches
  16 goblins
  6 hobgoblins
  8 jackals (D:1)
  3 quokkas
  3 frilled lizards
  A gnoll zombie (Ossuary)
  A goblin zombie (Ossuary)
  4 hobgoblin zombies (Ossuary)
  18 kobolds
  4 kobold zombies (Ossuary)
  5 quokka zombies (Ossuary)
  6 rats
  7 rat zombies (Ossuary)
782 creatures vanquished.

Vanquished Creatures (others)
  A bloated husk (Swamp:2)
  A hell hound (D:12)
  2 briar patches (Swamp:3)
  20 fungi
  24 plants
  7 withered plants
55 creatures vanquished.

Grand Total: 837 creatures vanquished

Notes
Turn   | Place    | Note
-------+----------+-------------------------------------------
     0 | D:1      | qw the Gargoyle Fighter began the quest for the Orb.
     0 | D:1      | Reached XP level 1. HP: 14/14 MP: 1/1
     0 | D:1      | 0 ||| qw: Version: 0.2-a-17-g06abaee
     0 | D:1      | 0 ||| qw: Game counter: 2178
     0 | D:1      | 0 ||| qw: Always use a shield: true
     0 | D:1      | 0 ||| qw: God list: Okawaru
     0 | D:1      | 0 ||| qw: Allow faded altars: false
     0 | D:1      | 0 ||| qw: Do Orc after D:15 true
     0 | D:1      | 0 ||| qw: Do second Lair branch before Depths: true
     0 | D:1      | 0 ||| qw: Lair rune preference: random
     0 | D:1      | 0 ||| qw: Plans: Normal, Zot:1-4, God:TSO, Crypt, Tomb,
                  | Pan, Slime:5, Hells, Abyss, Orb
     0 | D:1      | 0 ||| PLANNING D:1-11
    22 | D:1      | 22 ||| Stepping ~*~*~tactically~*~*~ (stealth).
    34 | D:1      | Reached XP level 2. HP: 18/19 MP: 2/2
   140 | D:1      | Reached skill level 3 in Axes
   140 | D:1      | Reached XP level 3. HP: 14/23 MP: 3/3
   803 | D:1      | 803 ||| Stepping ~*~*~tactically~*~*~ (stealth).
   805 | D:1      | 805 ||| Stepping ~*~*~tactically~*~*~ (stealth).
   822 | D:1      | 822 ||| READING 2 scrolls labelled PASHRA IGAONANG.
   823 | D:1      | 823 ||| READING scroll of enchant weapon.
   823 | D:1      | 823 ||| ENCHANTING +1 war axe.
   824 | D:1      | 824 ||| READING 3 scrolls labelled ROSCHO RAICK.
   825 | D:1      | 825 ||| READING scroll labelled BEHIRO VEICZE.
   826 | D:1      | 826 ||| READING scroll labelled PIM QYIF TADDE.
   827 | D:1      | 827 ||| READING 2 scrolls of identify.
   827 | D:1      | 827 ||| IDENTIFYING viscous amethyst potion
   828 | D:1      | 828 ||| DROPPING potion of invisibility.
  1006 | D:2      | Found an iron altar of Okawaru.
  1007 | D:2      | 1007 ||| PLANNING OKAWARU WORSHIP
  1007 | D:2      | 1007 ||| READING scroll labelled WUMOZO HIRPH.
  1022 | D:2      | Became a worshipper of Warmaster Okawaru
  1023 | D:2      | 1023 ||| PLANNING D:1-11
  1217 | D:2      | You fall into a shaft and drop 2 floors!
  1233 | D:4      | 1233 ||| UPGRADING to +4 ring of protection.
  1234 | D:4      | 1234 ||| READING scroll labelled XAMUDU WASTEI.
  1235 | D:4      | 1235 ||| DRINKING 2 fuming orange potions.
  1235 | D:4      | Gained mutation: You sometimes lose your temper in combat.
                  | [potion of mutation]
  1236 | D:4      | 1236 ||| DRINKING potion of mutation.
  1236 | D:4      | Lost mutation: You sometimes lose your temper in combat.
                  | [potion of mutation]
  1236 | D:4      | Gained mutation: You are vulnerable to cold. (rC-) [potion
                  | of mutation]
  1236 | D:4      | Gained mutation: Your mind is acute. (Int +4, Str/Dex -1)
                  | [potion of mutation]
  1273 | D:3      | 1273 ||| Stepping ~*~*~tactically~*~*~ (stealth).
  1329 | D:3      | 1329 ||| DRINKING 2 golden potions.
  1330 | D:3      | 1330 ||| DRINKING 2 fizzy coppery potions.
  1435 | D:3      | 1435 ||| DROPPING potion of berserk rage.
  1468 | D:2      | Reached XP level 4. HP: 28/28 MP: 4/4
  1505 | D:2      | Identified the +0 kite shield "Pijiwun" {Harm Int+4 Dex+4
                  | Stlth+}
  1747 | D:2      | 1747 ||| Stepping ~*~*~tactically~*~*~ (stealth).
  1854 | D:2      | 1854 ||| UPGRADING to +0 kite shield "Pijiwun" {Harm Int+4
                  | Dex+4 Stlth+}.
  1864 | D:2      | 1864 ||| DROPPING +0 buckler.
  1865 | D:2      | 1865 ||| READING 2 scrolls labelled RATTA BIBLISH.
  1869 | D:2      | 1869 ||| READING 2 scrolls of identify.
  1869 | D:2      | 1869 ||| IDENTIFYING emerald potion
  1982 | D:3      | 1982 ||| DROPPING +0 club.
  2083 | D:3      | Noticed Natasha
  2084 | D:3      | Killed Natasha
  2135 | D:3      | Noticed Natasha
  2136 | D:3      | 2136 ||| Stepping ~*~*~tactically~*~*~ (stealth).
  2137 | D:3      | 2137 ||| Stepping ~*~*~tactically~*~*~ (stealth).
  2141 | D:3      | Killed Natasha
  2142 | D:3      | Reached skill level 4 in Shields
  2158 | D:3      | Found a faded altar of an unknown god.
  2197 | D:3      | Found a runed translucent gate.
  2197 | D:3      | Found a runed translucent gate.
  2198 | D:3      | Found a runed translucent gate.
  2199 | D:3      | Noticed qw's ghost (amateur GrFi)
  2199 | D:3      | Noticed qw's ghost (amateur GrFi)
  2200 | D:3      | Noticed qw's ghost (amateur GrFi)
  2249 | D:3      | Reached XP level 5. HP: 30/32 MP: 5/5
  2353 | D:3      | Identified the +4 whip of Costrol {freeze, *Noise rN+ Will+
                  | rCorr}
  2355 | D:3      | 2355 ||| DROPPING +0 whip.
  2531 | D:3      | 2531 ||| READING scroll labelled FULUSUEXTAAMI.
  2632 | D:3      | 2632 ||| READING 3 scrolls labelled LIDAIMO FAOTH.
  2633 | D:3      | 2633 ||| DRINKING 2 smoky yellow potions.
  2634 | D:3      | 2634 ||| DROPPING 2 scrolls of magic mapping.
  2689 | D:4      | Noticed Robin
  2690 | D:4      | 2690 ||| Stepping ~*~*~tactically~*~*~ (hiding).
  2700 | D:4      | Killed Robin
  2735 | D:4      | 2735 ||| FLEEEEING.
  2736 | D:4      | 2736 ||| FLEEEEING.
  2737 | D:4      | 2737 ||| FLEEEEING.
  2738 | D:4      | 2738 ||| FLEEEEING.
  2743 | D:4      | Reached skill level 1 in Dodging
  2835 | D:4      | 2835 ||| DRINKING 2 potions of mutation.
  2835 | D:4      | Lost mutation: Your mind is acute. (Int +4, Str/Dex -1)
                  | [potion of mutation]
  2835 | D:4      | Lost mutation: You are vulnerable to cold. (rC-) [potion of
                  | mutation]
  2835 | D:4      | Gained mutation: You passively dampen the noise of your
                  | surroundings. [potion of mutation]
  2884 | D:4      | Noticed a lemure
  2884 | D:4      | Noticed a lemure
  2885 | D:4      | 2885 ||| Stepping ~*~*~tactically~*~*~ (hiding).
  2893 | D:4      | Reached skill level 1 in Throwing
  2896 | D:4      | Killed a lemure
  2897 | D:4      | Noticed Pikel
  2898 | D:4      | 2898 ||| Stepping ~*~*~tactically~*~*~ (hiding).
  2903 | D:4      | Noticed a lemure
  2905 | D:4      | Killed Pikel
  2905 | D:4      | Reached * piety under Okawaru
  2905 | D:4      | Reached ** piety under Okawaru
  2906 | D:4      | Reached skill level 7 in Shields
  2906 | D:4      | Reached XP level 6. HP: 23/37 MP: 6/6
  2906 | D:4      | Reached XP level 7. HP: 26/41 MP: 7/7
  2906 | D:4      | 2906 ||| INVOKING Heroism.
  2915 | D:4      | 2915 ||| INVOKING Heroism.
  2993 | D:4      | Found Poid's Book Shop.
  2996 | D:4      | 2996 ||| UPGRADING to +2 helmet.
  3002 | D:4      | 3002 ||| READING 2 scrolls of identify.
  3002 | D:4      | 3002 ||| IDENTIFYING cyan potion
  3003 | D:4      | 3003 ||| DROPPING potion of brilliance.
  3004 | D:4      | 3004 ||| Stepping randomly (stuck).
  3006 | D:4      | 3006 ||| Stepping randomly (stuck).
  3007 | D:4      | 3007 ||| Stepping randomly (stuck).
  3512 | D:5      | Entered Level 5 of the Dungeon
  3543 | D:5      | 3543 ||| INVOKING Heroism.
  3546 | D:5      | Reached skill level 1 in Invocations
  3575 | D:5      | 3575 ||| INVOKING Heroism.
  3633 | D:5      | Reached XP level 8. HP: 43/46 MP: 8/10
  3679 | D:5      | Reached skill level 3 in Invocations
  4007 | D:5      | Found an ornate altar of the Wu Jian Council.
  4066 | D:5      | Identified the +1 dagger of Gloom {vorpal, rElec}
  4082 | D:5      | 4082 ||| INVOKING Heroism.
  4217 | D:5      | Identified the +2 rapier of Incongruity {vorpal, Int+6}
  4351 | D:5      | Found an iron altar of Okawaru.
  4353 | D:5      | Found a bloodstained altar of Trog.
  4390 | D:5      | Found a sacrificial altar of Ru.
  4483 | D:5      | 4483 ||| READING 2 scrolls labelled BIUFAN BOYMO.
  4484 | D:5      | 4484 ||| DROPPING scroll of amnesia.
  4528 | D:6      | 4528 ||| Stepping ~*~*~tactically~*~*~ (stealth).
  4573 | D:6      | 4573 ||| Stepping ~*~*~tactically~*~*~ (stealth).
  4626 | D:6      | 4626 ||| READING scroll of enchant weapon.
  4626 | D:6      | 4626 ||| ENCHANTING +2 war axe.
  4632 | D:6      | Found Onteug's Antique Weapon Emporium.
  4683 | D:6      | Found a basalt altar of Yredelemnul.
  4685 | D:6      | Noticed a profane servitor
  4690 | D:6      | Found a glowing golden altar of the Shining One.
  4692 | D:6      | Noticed an angel
  4765 | D:6      | Reached skill level 6 in Axes
  4907 | D:6      | Reached *** piety under Okawaru
  4947 | D:6      | 4947 ||| INVOKING Heroism.
  4952 | D:6      | Reached XP level 9. HP: 37/52 MP: 9/12
  5044 | D:6      | 5044 ||| INVOKING Heroism.
  5181 | D:6      | 5181 ||| Stepping ~*~*~tactically~*~*~ (stealth).
  5182 | D:6      | 5182 ||| Stepping ~*~*~tactically~*~*~ (stealth).
  5183 | D:6      | 5183 ||| Stepping ~*~*~tactically~*~*~ (stealth).
  5184 | D:6      | 5184 ||| INVOKING Heroism.
  5192 | D:6      | 5192 ||| Stepping ~*~*~tactically~*~*~ (cloud).
  5195 | D:6      | 5195 ||| Stepping ~*~*~tactically~*~*~ (cloud).
  5309 | D:6      | 5309 ||| READING scroll labelled WUATA HOGA.
  5309 | D:6      | Identified a scroll of acquirement
  5309 | D:6      | 5309 ||| ACQUIRING +0 plate armour of the Depths {Will+
                  | Int+2}
  5309 | D:6      | Acquired the +0 plate armour of the Depths {Will+ Int+2}
  5311 | D:6      | 5311 ||| UPGRADING to +0 plate armour of the Depths {Will+
                  | Int+2}.
  5321 | D:6      | 5321 ||| DROPPING +0 scale mail.
  5322 | D:6      | 5322 ||| READING 2 scrolls of identify.
  5322 | D:6      | 5322 ||| IDENTIFYING clear potion
  5343 | D:7      | 5343 ||| Stepping ~*~*~tactically~*~*~ (hiding).
  5346 | D:7      | 5346 ||| INVOKING Heroism.
  5385 | D:7      | Found a blossoming altar of Fedhas.
  5497 | D:7      | 5497 ||| Stepping ~*~*~tactically~*~*~ (hiding).
  5611 | D:7      | 5611 ||| INVOKING Heroism.
  5646 | D:7      | 5646 ||| INVOKING Heroism.
  5656 | D:7      | Reached **** piety under Okawaru
  5657 | D:7      | Reached skill level 6 in Fighting
  5847 | D:7      | 5847 ||| Stepping ~*~*~tactically~*~*~ (hiding).
  5850 | D:7      | 5850 ||| INVOKING Heroism.
  5860 | D:7      | Reached XP level 10. HP: 58/61 MP: 11/13
  5912 | D:7      | 5912 ||| INVOKING Heroism.
  5970 | D:7      | Reached skill level 8 in Shields
  5985 | D:7      | 5985 ||| INVOKING Heroism.
  5988 | D:7      | 5988 ||| Stepping ~*~*~tactically~*~*~ (stealth).
  6003 | D:7      | 6003 ||| Stepping ~*~*~tactically~*~*~ (hiding).
  6005 | D:7      | 6005 ||| INVOKING Heroism.
  6028 | D:7      | Reached skill level 6 in Invocations
  6029 | D:7      | 6029 ||| Stepping ~*~*~tactically~*~*~ (water).
  6047 | D:7      | 6047 ||| DROPPING +0 flail.
  6155 | D:7      | Found a staircase to the Ecumenical Temple.
  6223 | D:7      | 6223 ||| Stepping ~*~*~tactically~*~*~ (stealth).
  6225 | D:7      | 6225 ||| Stepping ~*~*~tactically~*~*~ (stealth).
  6230 | D:7      | 6230 ||| Stepping ~*~*~tactically~*~*~ (stealth).
  6232 | D:7      | 6232 ||| Stepping ~*~*~tactically~*~*~ (hiding).
  6235 | D:7      | 6235 ||| INVOKING Heroism.
  6242 | D:7      | Received a gift from Okawaru
  6442 | D:7      | 6442 ||| READING scroll labelled XOGOCK HOES.
  6548 | D:8      | 6548 ||| PLANNING OSSUARY
  6572 | D:8      | 6572 ||| Stepping ~*~*~tactically~*~*~ (stealth).
  6600 | D:8      | 6600 ||| INVOKING Heroism.
  6601 | D:8      | Reached ***** piety under Okawaru
  6602 | D:8      | Reached skill level 9 in Axes
  6687 | D:8      | 6687 ||| INVOKING Heroism.
  6853 | D:8      | 6853 ||| INVOKING Heroism.
  6865 | D:8      | 6865 ||| Stepping ~*~*~tactically~*~*~ (cloud).
  6866 | D:8      | 6866 ||| Stepping ~*~*~tactically~*~*~ (cloud).
  6891 | D:8      | Found a sand-covered staircase.
  6892 | D:8      | 6892 ||| DRINKING 2 amethyst potions.
  6893 | D:8      | 6893 ||| READING 2 scrolls of identify.
  6893 | D:8      | 6893 ||| IDENTIFYING bubbling yellow potion
  6894 | D:8      | 6894 ||| DRINKING potion of experience.
  6894 | D:8      | Reached skill level 6 in Throwing
  6894 | D:8      | Reached XP level 11. HP: 66/66 MP: 15/18
  6900 | Ossuary  | Entered an ossuary
  6983 | Ossuary  | 6983 ||| INVOKING Heroism.
  7012 | Ossuary  | Received a gift from Okawaru
  7040 | Ossuary  | 7040 ||| READING scroll of enchant weapon.
  7040 | Ossuary  | 7040 ||| ENCHANTING +3 war axe.
  7128 | Ossuary  | 7128 ||| INVOKING Heroism.
  7295 | Ossuary  | 7295 ||| READING scroll labelled QYUGUIFODU.
  7296 | Ossuary  | 7296 ||| READING scroll labelled BAOTAR KAES.
  7297 | Ossuary  | 7297 ||| DRINKING 2 bubbling red potions.
  7398 | Ossuary  | 7398 ||| READING 2 scrolls of identify.
  7398 | Ossuary  | 7398 ||| IDENTIFYING glowing sapphire potion
  7399 | Ossuary  | 7399 ||| DROPPING potion of flight.
  7400 | Ossuary  | 7400 ||| DROPPING potion of ambrosia.
  7413 | D:8      | 7413 ||| PLANNING D:1-11
  7513 | D:8      | Noticed a two-headed ogre
  7514 | D:8      | 7514 ||| Stepping ~*~*~tactically~*~*~ (stealth).
  7515 | D:8      | 7515 ||| Stepping ~*~*~tactically~*~*~ (stealth).
  7516 | D:8      | 7516 ||| INVOKING Heroism.
  7522 | D:8      | Killed a two-headed ogre
  7609 | D:8      | 7609 ||| INVOKING Heroism.
  7738 | D:8      | 7738 ||| Stepping ~*~*~tactically~*~*~ (stealth).
  7743 | D:8      | 7743 ||| INVOKING Heroism.
  7751 | D:8      | 7751 ||| Stepping ~*~*~tactically~*~*~ (stealth).
  7757 | D:8      | 7757 ||| Stepping ~*~*~tactically~*~*~ (stealth).
  7771 | D:8      | 7771 ||| INVOKING Heroism.
  7793 | D:8      | 7793 ||| Stepping ~*~*~tactically~*~*~ (stealth).
  7862 | D:8      | 7862 ||| INVOKING Heroism.
  7890 | D:8      | 7890 ||| Stepping ~*~*~tactically~*~*~ (hiding).
  7891 | D:8      | 7891 ||| Stepping ~*~*~tactically~*~*~ (hiding).
  8040 | D:8      | 8040 ||| READING scroll labelled PUSHRI BUKHUOWK.
  8041 | D:8      | 8041 ||| DRINKING 2 inky potions.
  8042 | D:8      | 8042 ||| DROPPING potion of degeneration.
  8089 | D:9      | 8089 ||| INVOKING Heroism.
  8243 | D:9      | 8243 ||| INVOKING Heroism.
  8246 | D:9      | Reached skill level 6 in Armour
  8254 | D:9      | 8254 ||| Stepping ~*~*~tactically~*~*~ (stealth).
  8304 | D:9      | Reached skill level 9 in Shields
  8310 | D:9      | 8310 ||| Stepping ~*~*~tactically~*~*~ (stealth).
  8316 | D:9      | 8316 ||| INVOKING Heroism.
  8332 | D:9      | 8332 ||| Stepping ~*~*~tactically~*~*~ (stealth).
  8335 | D:9      | 8335 ||| Stepping ~*~*~tactically~*~*~ (hiding).
  8339 | D:9      | 8339 ||| Stepping ~*~*~tactically~*~*~ (hiding).
  8340 | D:9      | 8340 ||| Stepping ~*~*~tactically~*~*~ (hiding).
  8415 | D:9      | Reached XP level 12. HP: 71/72 MP: 19/19
  8446 | D:9      | 8446 ||| INVOKING Heroism.
  8459 | D:9      | Found a staircase to the Lair.
  8536 | D:9      | Noticed a two-headed ogre
  8546 | D:9      | Killed a two-headed ogre
  8546 | D:9      | Received a gift from Okawaru
  8578 | D:9      | 8578 ||| Stepping ~*~*~tactically~*~*~ (stealth).
  8578 | D:9      | Found a snail-covered altar of Cheibriados.
  8582 | D:9      | 8582 ||| Stepping ~*~*~tactically~*~*~ (stealth).
  8583 | D:9      | 8583 ||| Stepping ~*~*~tactically~*~*~ (stealth).
  8584 | D:9      | 8584 ||| Stepping ~*~*~tactically~*~*~ (stealth).
  8588 | D:9      | 8588 ||| Stepping ~*~*~tactically~*~*~ (stealth).
  8590 | D:9      | 8590 ||| Stepping ~*~*~tactically~*~*~ (stealth).
  8591 | D:9      | 8591 ||| Stepping ~*~*~tactically~*~*~ (stealth).
  8593 | D:9      | 8593 ||| Stepping ~*~*~tactically~*~*~ (stealth).
  8598 | D:9      | 8598 ||| Stepping ~*~*~tactically~*~*~ (stealth).
  8609 | D:9      | 8609 ||| Stepping ~*~*~tactically~*~*~ (stealth).
  8610 | D:9      | 8610 ||| Stepping ~*~*~tactically~*~*~ (stealth).
  8737 | D:9      | Found a shadowy altar of Dithmenos.
  8814 | D:9      | 8814 ||| INVOKING Heroism.
  8850 | D:9      | 8850 ||| Stepping ~*~*~tactically~*~*~ (hiding).
  8975 | D:9      | Noticed Harold
  8976 | D:9      | 8976 ||| FLEEEEING.
  8977 | D:9      | 8977 ||| FLEEEEING.
  8978 | D:9      | 8978 ||| FLEEEEING.
  8979 | D:9      | 8979 ||| FLEEEEING.
  8980 | D:9      | 8980 ||| FLEEEEING.
  8981 | D:9      | 8981 ||| FLEEEEING.
  8985 | D:9      | 8985 ||| FLEEEEING.
  8986 | D:9      | 8986 ||| FLEEEEING.
  8987 | D:9      | 8987 ||| FLEEEEING.
  8988 | D:9      | 8988 ||| STAIRDANCE
  9090 | D:8      | 9090 ||| DROPPING amulet of guardian spirit.
  9091 | D:8      | 9091 ||| READING scroll labelled NAREFF TUZXE.
  9092 | D:8      | 9092 ||| READING 2 scrolls of identify.
  9092 | D:8      | 9092 ||| IDENTIFYING glowing ruby potion
  9095 | D:9      | 9095 ||| INVOKING Heroism.
  9109 | D:9      | Killed Harold
  9343 | D:9      | 9343 ||| PLANNING LAIR
  9366 | Lair:1   | Entered Level 1 of the Lair of Beasts
  9368 | Lair:1   | 9368 ||| Stepping ~*~*~tactically~*~*~ (hiding).
  9575 | Lair:1   | 9575 ||| INVOKING Heroism.
  9623 | Lair:1   | 9623 ||| INVOKING Heroism.
  9627 | Lair:1   | 9627 ||| Stepping ~*~*~tactically~*~*~ (stealth).
  9631 | Lair:1   | 9631 ||| Stepping ~*~*~tactically~*~*~ (stealth).
  9657 | Lair:1   | Received a gift from Okawaru
  9683 | Lair:1   | 9683 ||| INVOKING Heroism.
  9749 | Lair:1   | 9749 ||| INVOKING Heroism.
  9827 | Lair:1   | 9827 ||| Stepping ~*~*~tactically~*~*~ (stealth).
  9828 | Lair:1   | 9828 ||| Stepping ~*~*~tactically~*~*~ (stealth).
  9830 | Lair:1   | 9830 ||| INVOKING Heroism.
  9909 | Lair:1   | Reached skill level 10 in Shields
  9915 | Lair:1   | 9915 ||| Stepping ~*~*~tactically~*~*~ (stealth).
  9930 | Lair:1   | 9930 ||| INVOKING Heroism.
 10080 | Lair:1   | 10080 ||| Stepping ~*~*~tactically~*~*~ (stealth).
 10082 | Lair:1   | 10082 ||| Stepping ~*~*~tactically~*~*~ (stealth).
 10084 | Lair:1   | 10084 ||| INVOKING Heroism.
 10085 | Lair:1   | 10085 ||| Stepping ~*~*~tactically~*~*~ (stealth).
 10090 | Lair:1   | 10090 ||| Stepping ~*~*~tactically~*~*~ (stealth).
 10095 | Lair:1   | 10095 ||| Stepping ~*~*~tactically~*~*~ (stealth).
 10107 | Lair:1   | Reached skill level 9 in Fighting
 10684 | Lair:2   | Noticed Amaemon
 10685 | Lair:2   | 10685 ||| Stepping ~*~*~tactically~*~*~ (hiding).
 10690 | Lair:2   | 10690 ||| INVOKING Heroism.
 10706 | Lair:2   | Killed Amaemon
 10714 | Lair:2   | Received a gift from Okawaru
 10764 | Lair:2   | 10764 ||| DROPPING +0 morningstar.
 10857 | Lair:2   | Found a hole to the Spider Nest.
 10860 | Lair:2   | 10860 ||| Stepping ~*~*~tactically~*~*~ (stealth).
 10863 | Lair:2   | 10863 ||| Stepping ~*~*~tactically~*~*~ (stealth).
 10879 | Lair:2   | Reached XP level 13. HP: 80/80 MP: 20/20
 10901 | Lair:2   | 10901 ||| Stepping ~*~*~tactically~*~*~ (hiding).
 10901 | Lair:2   | You fall into a shaft and drop 2 floors!
 11002 | Lair:4   | 11002 ||| UPGRADING to +1 helmet of see invisible.
 11012 | Lair:4   | 11012 ||| READING 3 scrolls of enchant armour.
 11012 | Lair:4   | 11012 ||| ENCHANTING +1 helmet of see invisible.
 11013 | Lair:4   | 11013 ||| DROPPING +2 helmet.
 11017 | Lair:3   | 11017 ||| PLANNING GAUNTLET
 11285 | Lair:3   | Found a gate leading to a gauntlet.
 11286 | Lair:3   | 11286 ||| READING 2 scrolls of identify.
 11286 | Lair:3   | 11286 ||| IDENTIFYING black potion
 11295 | Gauntlet | Entered a Gauntlet
 11295 | Gauntlet | Found a transporter.
 11295 | Gauntlet | Found a transporter.
 11299 | Gauntlet | Found a transporter.
 11299 | Gauntlet | Found a transporter.
 11315 | Gauntlet | Found a large runed translucent door.
 11316 | Gauntlet | Found a large runed translucent door.
 11317 | Gauntlet | Found a large runed translucent door.
 11317 | Gauntlet | Found a large runed translucent door.
 11318 | Gauntlet | Found a runed translucent gate.
 11318 | Gauntlet | Found a large runed translucent door.
 11318 | Gauntlet | Found a large runed translucent door.
 11318 | Gauntlet | Found a runed translucent door.
 11319 | Gauntlet | Found a transporter.
 11319 | Gauntlet | Found a runed translucent gate.
 11319 | Gauntlet | Found a transporter.
 11319 | Gauntlet | Found a transporter.
 11319 | Gauntlet | Found a large runed translucent door.
 11320 | Gauntlet | Found a runed translucent gate.
 11320 | Gauntlet | Found a runed translucent door.
 11320 | Gauntlet | Found a large runed translucent door.
 11322 | Gauntlet | Found a transporter.
 11333 | Gauntlet | Found a large runed translucent door.
 11333 | Gauntlet | Found a large runed translucent door.
 11334 | Gauntlet | Found a large runed translucent door.
 11335 | Gauntlet | Found a large runed translucent door.
 11344 | Gauntlet | Found a large runed translucent door.
 11344 | Gauntlet | Found a large runed translucent door.
 11355 | Gauntlet | Found a transporter.
 11362 | Gauntlet | Found a transporter.
 11380 | Gauntlet | Found a transporter.
 11402 | Gauntlet | Found a transporter.
 11444 | Gauntlet | Found a transporter.
 11458 | Gauntlet | Found a transporter.
 11475 | Gauntlet | Found a large runed translucent door.
 11475 | Gauntlet | Found a large runed translucent door.
 11560 | Gauntlet | Found a transporter.
 11576 | Gauntlet | Found a transporter.
 11660 | Gauntlet | Gained mutation: You have sharp fingernails. [a shining
                  | eye]
 11665 | Gauntlet | Gained mutation: You are vulnerable to heat. (rF-) [a
                  | shining eye]
 11668 | Gauntlet | Gained mutation: You are dopey. (Int -2) [a shining eye]
 11669 | Gauntlet | Gained mutation: You are weak. (Str -2) [a shining eye]
 11672 | Gauntlet | 11672 ||| DRINKING 3 potions of mutation.
 11672 | Gauntlet | Lost mutation: You are vulnerable to heat. (rF-) [potion of
                  | mutation]
 11672 | Gauntlet | Lost mutation: You are dopey. (Int -2) [potion of mutation]
 11672 | Gauntlet | Lost mutation: You are weak. (Str -2) [potion of mutation]
 11672 | Gauntlet | Gained mutation: You sometimes lose your temper in combat.
                  | [potion of mutation]
 11672 | Gauntlet | Gained mutation: You are occasionally teleported next to
                  | monsters. [potion of mutation]
 11672 | Gauntlet | Lost mutation: You sometimes lose your temper in combat.
                  | [potion of mutation]
 11673 | Gauntlet | 11673 ||| DRINKING 2 potions of mutation.
 11673 | Gauntlet | Lost mutation: You have sharp fingernails. [potion of
                  | mutation]
 11673 | Gauntlet | Lost mutation: You are occasionally teleported next to
                  | monsters. [potion of mutation]
 11673 | Gauntlet | Lost mutation: You passively dampen the noise of your
                  | surroundings. [potion of mutation]
 11673 | Gauntlet | Gained mutation: You have sharp fingernails. [potion of
                  | mutation]
 11673 | Gauntlet | Gained mutation: You have large cloven feet. [potion of
                  | mutation]
 11684 | Gauntlet | 11684 ||| DROPPING scarf of shadows.
 11705 | Gauntlet | 11705 ||| INVOKING Heroism.
 11718 | Gauntlet | Reached skill level 12 in Axes
 11758 | Gauntlet | 11758 ||| INVOKING Heroism.
 11838 | Gauntlet | Identified the +1 hat "Ozyishryi" {rPois rF+ rCorr Dex-5}
 11850 | Gauntlet | Identified the ring of Saotaz {*Corrode rElec rC+ Str+9}
 11850 | Gauntlet | Noticed a minotaur
 11851 | Gauntlet | 11851 ||| INVOKING Heroism.
 11852 | Gauntlet | 11852 ||| INVOKING Finesse.
 11863 | Gauntlet | Killed a minotaur
 11958 | Gauntlet | Found the +3 pair of mountain boots {steadfast, rC+}
 11965 | Gauntlet | Identified the +2 robe of Atiyco {Rampage rPois}
 11988 | Gauntlet | 11988 ||| UPGRADING to +2 kite shield of positive energy.
 11998 | Gauntlet | 11998 ||| DROPPING +0 kite shield "Pijiwun" {Harm Int+4
                  | Dex+4 Stlth+}.
 11999 | Gauntlet | 11999 ||| UPGRADING to +3 pair of mountain boots
                  | {steadfast, rC+}.
 12004 | Gauntlet | 12004 ||| UPGRADING to ring of Saotaz {*Corrode rElec rC+
                  | Str+9}.
 12021 | Lair:3   | 12021 ||| PLANNING LAIR
 12124 | Lair:2   | Noticed Gastronok
 12125 | Lair:2   | 12125 ||| Stepping ~*~*~tactically~*~*~ (hiding).
 12128 | Lair:2   | 12128 ||| INVOKING Heroism.
 12139 | Lair:2   | Killed Gastronok
 12308 | Lair:2   | Found a staircase to the Swamp.
 12311 | Lair:2   | 12311 ||| INVOKING Heroism.
 12421 | Lair:2   | 12421 ||| READING scroll of enchant weapon.
 12421 | Lair:2   | 12421 ||| ENCHANTING +4 war axe of protection.
 12565 | Lair:2   | 12565 ||| INVOKING Heroism.
 12761 | Lair:3   | 12761 ||| INVOKING Heroism.
 12787 | Lair:3   | 12787 ||| Stepping ~*~*~tactically~*~*~ (stealth).
 12791 | Lair:3   | 12791 ||| Stepping ~*~*~tactically~*~*~ (stealth).
 13147 | Lair:3   | 13147 ||| INVOKING Heroism.
 13252 | Lair:3   | 13252 ||| DROPPING scarf of invisibility.
 13253 | Lair:3   | 13253 ||| DROPPING ring of positive energy.
 13362 | Lair:4   | 13362 ||| INVOKING Heroism.
 13411 | Lair:4   | 13411 ||| Stepping ~*~*~tactically~*~*~ (stealth).
 13429 | Lair:4   | 13429 ||| INVOKING Heroism.
 13459 | Lair:4   | 13459 ||| Stepping ~*~*~tactically~*~*~ (stealth).
 13460 | Lair:4   | 13460 ||| Stepping ~*~*~tactically~*~*~ (stealth).
 13461 | Lair:4   | 13461 ||| Stepping ~*~*~tactically~*~*~ (stealth).
 13463 | Lair:4   | 13463 ||| Stepping ~*~*~tactically~*~*~ (stealth).
 13464 | Lair:4   | 13464 ||| Stepping ~*~*~tactically~*~*~ (stealth).
 13465 | Lair:4   | 13465 ||| INVOKING Heroism.
 13471 | Lair:4   | Received a gift from Okawaru
 13530 | Lair:4   | 13530 ||| INVOKING Heroism.
 13656 | Lair:4   | 13656 ||| Stepping ~*~*~tactically~*~*~ (stealth).
 13752 | Lair:4   | Identified the +5 dagger "Itepoby" {freeze, Drain rElec
                  | rF++ Int-4} (Okawaru gifted it to you on level 4 of the
                  | Lair of Beasts)
 13752 | Lair:4   | Received a gift from Okawaru
 13786 | Lair:4   | 13786 ||| FLEEEEING.
 14101 | Lair:5   | Entered Level 5 of the Lair of Beasts
 14102 | Lair:5   | 14102 ||| INVOKING Heroism.
 14103 | Lair:5   | 14103 ||| STAIRDANCE
 14113 | Lair:4   | Reached skill level 11 in Shields
 14129 | Lair:5   | 14129 ||| STAIRDANCE
 14190 | Lair:5   | 14190 ||| INVOKING Heroism.
 14213 | Lair:5   | Reached skill level 9 in Armour
 14263 | Lair:5   | 14263 ||| Stepping ~*~*~tactically~*~*~ (stealth).
 14265 | Lair:5   | 14265 ||| Stepping ~*~*~tactically~*~*~ (stealth).
 14272 | Lair:5   | 14272 ||| Stepping ~*~*~tactically~*~*~ (stealth).
 14277 | Lair:5   | 14277 ||| INVOKING Heroism.
 14288 | Lair:5   | Gained mutation: Your large and strong wings let you fly.
                  | [Gargoyle growth]
 14288 | Lair:5   | Reached XP level 14. HP: 65/88 MP: 19/21
 14290 | Lair:5   | Received a gift from Okawaru
 14292 | Lair:5   | 14292 ||| Stepping ~*~*~tactically~*~*~ (stealth).
 14650 | Lair:5   | 14650 ||| INVOKING Heroism.
 14651 | Lair:5   | 14651 ||| INVOKING Finesse.
 14656 | Lair:5   | 14656 ||| SWAPPING to -2 demon whip of venom.
 14669 | Lair:5   | 14669 ||| SWAPPING to +5 war axe of protection.
 14752 | Lair:5   | 14752 ||| INVOKING Heroism.
 14753 | Lair:5   | 14753 ||| INVOKING Finesse.
 14804 | Lair:5   | Found a viscous altar of Jiyva.
 14981 | Lair:5   | Found a staircase to the Slime Pits.
 15147 | Lair:5   | 15147 ||| Stepping ~*~*~tactically~*~*~ (stealth).
 15150 | Lair:5   | 15150 ||| INVOKING Heroism.
 15151 | Lair:5   | 15151 ||| INVOKING Finesse.
 15152 | Lair:5   | 15152 ||| SWAPPING to -2 demon whip of venom.
 15164 | Lair:5   | 15164 ||| SWAPPING to +5 war axe of protection.
 15250 | Lair:5   | 15250 ||| Stepping ~*~*~tactically~*~*~ (hiding).
 15361 | Lair:5   | Found a burning altar of Makhleb.
 15362 | Lair:5   | 15362 ||| Stepping ~*~*~tactically~*~*~ (hiding).
 15363 | Lair:5   | 15363 ||| Stepping ~*~*~tactically~*~*~ (hiding).
 15375 | Lair:5   | 15375 ||| INVOKING Heroism.
 15376 | Lair:5   | 15376 ||| INVOKING Finesse.
 15515 | Lair:5   | Found a gateway to Hell.
 15712 | Lair:5   | 15712 ||| PLANNING D:1-11
 15811 | D:10     | Entered Level 10 of the Dungeon
 15813 | D:10     | Found a transporter.
 15815 | D:10     | Found a transporter.
 15882 | D:10     | Found Lyiprom's Weapon Boutique.
 15903 | D:10     | Identified the +0 tower shield "Seadab" {+Blink} (Okawaru
                  | gifted it to you on level 10 of the Dungeon)
 15903 | D:10     | Received a gift from Okawaru
 15935 | D:10     | Found a glowing silver altar of Zin.
 15959 | D:10     | 15959 ||| INVOKING Heroism.
 15960 | D:10     | Found a staircase to the Orcish Mines.
 16050 | D:10     | 16050 ||| INVOKING Heroism.
 16132 | D:10     | 16132 ||| FLEEEEING.
 16133 | D:10     | 16133 ||| FLEEEEING.
 16134 | D:10     | 16134 ||| FLEEEEING.
 16135 | D:10     | 16135 ||| FLEEEEING.
 16142 | D:10     | 16142 ||| FLEEEEING.
 16143 | D:10     | 16143 ||| FLEEEEING.
 16144 | D:10     | 16144 ||| FLEEEEING.
 16150 | D:10     | 16150 ||| Stepping ~*~*~tactically~*~*~ (hiding).
 16299 | D:10     | 16299 ||| Stepping ~*~*~tactically~*~*~ (cloud).
 16300 | D:10     | 16300 ||| Stepping ~*~*~tactically~*~*~ (cloud).
 16307 | D:10     | 16307 ||| Stepping ~*~*~tactically~*~*~ (cloud).
 16401 | D:10     | 16401 ||| Stepping ~*~*~tactically~*~*~ (hiding).
 16409 | D:10     | 16409 ||| INVOKING Heroism.
 16499 | D:10     | Noticed Icreabex's ghost (journeyman MfSk)
 16588 | D:10     | Found a shimmering blue altar of Sif Muna.
 16602 | D:10     | Reached skill level 12 in Shields
 16799 | D:10     | 16799 ||| READING scroll of brand weapon.
 16799 | D:10     | 16799 ||| BRANDING +5 war axe of protection.
 16802 | D:10     | 16802 ||| UPGRADING to +0 tower shield "Seadab" {+Blink}.
 16812 | D:10     | 16812 ||| DROPPING +2 kite shield of positive energy.
 16910 | D:11     | 16910 ||| INVOKING Heroism.
 17068 | D:11     | 17068 ||| Stepping ~*~*~tactically~*~*~ (stealth).
 17136 | D:11     | Found a frozen archway.
 17138 | D:11     | 17138 ||| Stepping ~*~*~tactically~*~*~ (stealth).
 17140 | D:11     | 17140 ||| Stepping ~*~*~tactically~*~*~ (stealth).
 17142 | D:11     | 17142 ||| INVOKING Heroism.
 17144 | D:11     | 17144 ||| Stepping ~*~*~tactically~*~*~ (stealth).
 17329 | D:11     | 17329 ||| Stepping ~*~*~tactically~*~*~ (stealth).
 17330 | D:11     | 17330 ||| INVOKING Heroism.
 17437 | D:11     | 17437 ||| PLANNING D
 17437 | D:11     | 17437 ||| DROPPING ring of magical power.
 17494 | D:12     | 17494 ||| Stepping ~*~*~tactically~*~*~ (hiding).
 17495 | D:12     | 17495 ||| Stepping ~*~*~tactically~*~*~ (hiding).
 17619 | D:12     | 17619 ||| Stepping ~*~*~tactically~*~*~ (hiding).
 17620 | D:12     | Noticed Azrael
 17621 | D:12     | 17621 ||| INVOKING Heroism.
 17622 | D:12     | 17622 ||| INVOKING Finesse.
 17634 | D:12     | Killed Azrael
 17635 | D:12     | Reached skill level 13 in Shields
 17798 | D:12     | 17798 ||| Stepping ~*~*~tactically~*~*~ (hiding).
 17803 | D:12     | 17803 ||| INVOKING Heroism.
 17871 | D:12     | 17871 ||| INVOKING Heroism.
 17908 | D:12     | 17908 ||| INVOKING Heroism.
 17909 | D:12     | 17909 ||| SWAPPING to -2 demon whip of venom.
 17910 | D:12     | 17910 ||| INVOKING Finesse.
 17916 | D:12     | 17916 ||| SWAPPING to +5 spectral war axe.
 17937 | D:12     | Reached skill level 14 in Shields
 18011 | D:12     | 18011 ||| Stepping ~*~*~tactically~*~*~ (hiding).
 18015 | D:12     | 18015 ||| INVOKING Heroism.
 18043 | D:12     | Reached XP level 15. HP: 70/94 MP: 22/22
 18211 | D:12     | 18211 ||| Stepping ~*~*~tactically~*~*~ (stealth).
 18212 | D:12     | 18212 ||| Stepping ~*~*~tactically~*~*~ (stealth).
 18224 | D:12     | Found a runed translucent gate.
 18224 | D:12     | Found a runed translucent gate.
 18224 | D:12     | Found a runed translucent gate.
 18227 | D:12     | Noticed MackTheFife's ghost (journeyman OgFi)
 18304 | D:12     | Found a corrupted altar of Lugonu.
 18314 | D:12     | Received a gift from Okawaru
 18473 | D:12     | 18473 ||| DROPPING amulet of magic regeneration.
 18474 | D:12     | 18474 ||| UPGRADING to amulet of the acrobat.
 18522 | D:13     | 18522 ||| INVOKING Heroism.
 18570 | D:13     | 18570 ||| READING scroll of enchant weapon.
 18570 | D:13     | 18570 ||| ENCHANTING +5 spectral war axe.
 18690 | D:13     | Reached skill level 15 in Shields
 19388 | D:14     | 19388 ||| INVOKING Heroism.
 19389 | D:14     | 19389 ||| SWAPPING to -2 demon whip of venom.
 19393 | D:14     | 19393 ||| STAIRDANCE
 19400 | D:13     | 19400 ||| SWAPPING to +6 spectral war axe.
 19440 | D:14     | 19440 ||| Stepping ~*~*~tactically~*~*~ (stealth).
 19441 | D:14     | 19441 ||| Stepping ~*~*~tactically~*~*~ (stealth).
 19448 | D:14     | 19448 ||| FLEEEEING.
 19455 | D:14     | 19455 ||| STAIRDANCE
 19534 | D:14     | 19534 ||| Stepping ~*~*~tactically~*~*~ (stealth).
 19536 | D:14     | 19536 ||| Stepping ~*~*~tactically~*~*~ (stealth).
 19539 | D:14     | 19539 ||| Stepping ~*~*~tactically~*~*~ (stealth).
 19548 | D:14     | 19548 ||| FLEEEEING.
 19548 | D:14     | Noticed Rupert
 19549 | D:14     | 19549 ||| INVOKING Heroism.
 19550 | D:14     | 19550 ||| INVOKING Finesse.
 19565 | D:14     | Killed Rupert
 19714 | D:14     | Found Teodosio's Dragon-Slaying Spoils.
 19721 | D:14     | 19721 ||| BUYING +0 fire dragon scales (780 gold).
 19721 | D:14     | Bought +0 fire dragon scales for 780 gold pieces
 19721 | D:14     | 19721 ||| SHOPLISTING +0 gold dragon scales (1040 gold,
                  | have 458).
 19721 | D:14     | 19721 ||| SHOPLISTING +0 pearl dragon scales of Isoazxa
                  | {rN+ Str+7} (1492 gold, have 458).
 19721 | D:14     | 19721 ||| SHOPLISTING +1 shadow dragon scales (1131 gold,
                  | have 458).
 19721 | D:14     | 19721 ||| SHOPLISTING +1 storm dragon scales (1131 gold,
                  | have 458).
 19721 | D:14     | 19721 ||| SHOPLISTING +3 ice dragon scales "Dasituy"
                  | {*Corrode rF- rC++ Int+9 Dex+3} (1314 gold, have 458).
 19753 | D:14     | Received a gift from Okawaru
 19754 | D:14     | Reached skill level 16 in Shields
 19758 | D:14     | 19758 ||| Stepping ~*~*~tactically~*~*~ (stealth).
 19763 | D:14     | 19763 ||| Stepping ~*~*~tactically~*~*~ (stealth).
 19765 | D:14     | 19765 ||| Stepping ~*~*~tactically~*~*~ (stealth).
 19767 | D:14     | 19767 ||| Stepping ~*~*~tactically~*~*~ (stealth).
 19771 | D:14     | 19771 ||| Stepping ~*~*~tactically~*~*~ (stealth).
 19772 | D:14     | 19772 ||| Stepping ~*~*~tactically~*~*~ (stealth).
 19773 | D:14     | 19773 ||| Stepping ~*~*~tactically~*~*~ (stealth).
 19795 | D:14     | Found a gate to the Vaults.
 19796 | D:14     | 19796 ||| INVOKING Heroism.
 19797 | D:14     | 19797 ||| SWAPPING to -2 demon whip of venom.
 19798 | D:14     | 19798 ||| INVOKING Finesse.
 19827 | D:14     | 19827 ||| SWAPPING to +6 spectral war axe.
 19837 | D:14     | Received a gift from Okawaru
 19851 | D:14     | Received a gift from Okawaru
 19852 | D:14     | HP: 21/94 [boulder beetle (4)]
 19853 | D:14     | 19853 ||| READING 11 scrolls of teleportation.
 19854 | D:14     | 19854 ||| DRINKING 10 potions of heal wounds.
 19975 | D:14     | 19975 ||| Stepping ~*~*~tactically~*~*~ (stealth).
 19976 | D:14     | Noticed Josephine
 19977 | D:14     | 19977 ||| Stepping ~*~*~tactically~*~*~ (stealth).
 20011 | D:14     | 20011 ||| Stepping ~*~*~tactically~*~*~ (hiding).
 20012 | D:14     | 20012 ||| Stepping ~*~*~tactically~*~*~ (hiding).
 20020 | D:14     | Killed Josephine
 20027 | D:14     | 20027 ||| INVOKING Heroism.
 20060 | D:14     | 20060 ||| Stepping ~*~*~tactically~*~*~ (hiding).
 20216 | D:14     | 20216 ||| INVOKING Heroism.
 20217 | D:14     | 20217 ||| SWAPPING to -2 demon whip of venom.
 20218 | D:14     | 20218 ||| INVOKING Finesse.
 20224 | D:14     | 20224 ||| SWAPPING to +6 spectral war axe.
 20598 | D:14     | 20598 ||| UPGRADING to +0 pair of gloves.
 20603 | D:14     | 20603 ||| READING 4 scrolls of enchant armour.
 20603 | D:14     | 20603 ||| ENCHANTING +0 pair of gloves.
 20604 | D:14     | 20604 ||| READING 3 scrolls of enchant armour.
 20604 | D:14     | 20604 ||| ENCHANTING +1 pair of gloves.
 20612 | D:15     | Entered Level 15 of the Dungeon
 20626 | D:15     | 20626 ||| INVOKING Heroism.
 20634 | D:15     | Received a gift from Okawaru
 20707 | D:15     | 20707 ||| INVOKING Heroism.
 20724 | D:15     | Reached skill level 15 in Axes
 20726 | D:15     | 20726 ||| INVOKING Heroism.
 20834 | D:15     | 20834 ||| INVOKING Heroism.
 20842 | D:15     | Reached skill level 3 in Dodging
 20847 | D:15     | Received a gift from Okawaru
 20855 | D:15     | 20855 ||| FLEEEEING.
 20856 | D:15     | 20856 ||| FLEEEEING.
 20857 | D:15     | 20857 ||| FLEEEEING.
 20858 | D:15     | 20858 ||| FLEEEEING.
 20859 | D:15     | 20859 ||| FLEEEEING.
 20860 | D:15     | 20860 ||| FLEEEEING.
 20861 | D:15     | 20861 ||| FLEEEEING.
 20862 | D:15     | 20862 ||| STAIRDANCE
 21048 | D:15     | 21048 ||| INVOKING Heroism.
 21049 | D:15     | 21049 ||| INVOKING Finesse.
 21090 | D:15     | 21090 ||| STAIRDANCE
 21203 | D:15     | 21203 ||| Stepping ~*~*~tactically~*~*~ (hiding).
 21216 | D:15     | 21216 ||| INVOKING Heroism.
 21266 | D:15     | Found a transporter.
 21270 | D:15     | Noticed qw's ghost (journeyman GrFi)
 21311 | D:15     | 21311 ||| READING scroll of enchant weapon.
 21311 | D:15     | 21311 ||| ENCHANTING +6 spectral war axe.
 21315 | D:15     | 21315 ||| Stepping ~*~*~tactically~*~*~ (hiding).
 21319 | D:15     | 21319 ||| Stepping ~*~*~tactically~*~*~ (hiding).
 21321 | D:15     | 21321 ||| INVOKING Heroism.
 21324 | D:15     | Reached XP level 16. HP: 99/101 MP: 20/23
 21328 | D:15     | Reached skill level 12 in Fighting
 21328 | D:15     | 21328 ||| Stepping ~*~*~tactically~*~*~ (hiding).
 21330 | D:15     | Received a gift from Okawaru
 21409 | D:15     | Received a gift from Okawaru
 21614 | D:15     | Found a staircase to the Depths.
 21685 | D:15     | Found a broken altar of Ashenzari.
 21752 | D:15     | Found Pudyink's Jewellery Shoppe.
 21760 | D:15     | 21760 ||| SHOPLISTING amulet of Midsummer {Acrobat Fragile
                  | Fly Dex+4 SInv} (875 gold, have 706).
 21760 | D:15     | 21760 ||| SHOPLISTING ring of Cihephiz {Fire Dex+6} (847
                  | gold, have 706).
 21760 | D:15     | 21760 ||| BUYING ring of fire (475 gold).
 21760 | D:15     | Bought a ring of fire for 475 gold pieces
 21769 | D:15     | 21769 ||| PLANNING ORC
 21895 | Orc:1    | Entered Level 1 of the Orcish Mines
 21900 | Orc:1    | 21900 ||| Stepping ~*~*~tactically~*~*~ (hiding).
 21901 | Orc:1    | 21901 ||| Stepping ~*~*~tactically~*~*~ (hiding).
 21902 | Orc:1    | 21902 ||| Stepping ~*~*~tactically~*~*~ (hiding).
 21903 | Orc:1    | 21903 ||| Stepping ~*~*~tactically~*~*~ (hiding).
 21905 | Orc:1    | 21905 ||| Stepping ~*~*~tactically~*~*~ (stealth).
 21906 | Orc:1    | 21906 ||| Stepping ~*~*~tactically~*~*~ (hiding).
 21912 | Orc:1    | 21912 ||| INVOKING Heroism.
 21931 | Orc:1    | 21931 ||| Stepping ~*~*~tactically~*~*~ (stealth).
 21933 | Orc:1    | 21933 ||| Stepping ~*~*~tactically~*~*~ (stealth).
 21960 | Orc:1    | 21960 ||| Stepping ~*~*~tactically~*~*~ (stealth).
 21961 | Orc:1    | 21961 ||| Stepping ~*~*~tactically~*~*~ (stealth).
 21963 | Orc:1    | 21963 ||| Stepping ~*~*~tactically~*~*~ (stealth).
 21965 | Orc:1    | 21965 ||| Stepping ~*~*~tactically~*~*~ (hiding).
 21967 | Orc:1    | 21967 ||| Stepping ~*~*~tactically~*~*~ (hiding).
 21968 | Orc:1    | 21968 ||| INVOKING Heroism.
 22038 | Orc:1    | Found Nohoarin's Distillery.
 22048 | Orc:1    | 22048 ||| BUYING 2 potions of curing (84 gold).
 22048 | Orc:1    | Bought 2 potions of curing for 84 gold pieces
 22048 | Orc:1    | 22048 ||| BUYING potion of curing (42 gold).
 22048 | Orc:1    | Bought a potion of curing for 42 gold pieces
 22048 | Orc:1    | 22048 ||| BUYING potion of curing (42 gold).
 22048 | Orc:1    | Bought a potion of curing for 42 gold pieces
 22048 | Orc:1    | 22048 ||| BUYING potion of curing (42 gold).
 22048 | Orc:1    | Bought a potion of curing for 42 gold pieces
 22048 | Orc:1    | 22048 ||| SHOPLISTING potion of haste (140 gold, have 74).
 22085 | Orc:1    | Found Ivalow's Antique Weapon Shop.
 22110 | Orc:1    | 22110 ||| Stepping ~*~*~tactically~*~*~ (hiding).
 22116 | Orc:1    | 22116 ||| INVOKING Heroism.
 22120 | Orc:1    | 22120 ||| Stepping ~*~*~tactically~*~*~ (stealth).
 22130 | Orc:1    | 22130 ||| Stepping ~*~*~tactically~*~*~ (hiding).
 22140 | Orc:1    | 22140 ||| Stepping ~*~*~tactically~*~*~ (hiding).
 22187 | Orc:1    | 22187 ||| INVOKING Heroism.
 22188 | Orc:1    | 22188 ||| INVOKING Finesse.
 22466 | Orc:2    | Entered Level 2 of the Orcish Mines
 22467 | Orc:2    | 22467 ||| INVOKING Heroism.
 22513 | Orc:2    | 22513 ||| Stepping ~*~*~tactically~*~*~ (stealth).
 22517 | Orc:2    | 22517 ||| Stepping ~*~*~tactically~*~*~ (stealth).
 22537 | Orc:2    | 22537 ||| Stepping ~*~*~tactically~*~*~ (stealth).
 22558 | Orc:1    | 22558 ||| INVOKING Heroism.
 22559 | Orc:1    | 22559 ||| INVOKING Finesse.
 22569 | Orc:1    | Received a gift from Okawaru
 22783 | Orc:2    | 22783 ||| INVOKING Heroism.
 22809 | Orc:2    | 22809 ||| INVOKING Heroism.
 22810 | Orc:2    | 22810 ||| Stepping ~*~*~tactically~*~*~ (hiding).
 22811 | Orc:2    | 22811 ||| Stepping ~*~*~tactically~*~*~ (hiding).
 22812 | Orc:2    | 22812 ||| Stepping ~*~*~tactically~*~*~ (hiding).
 22813 | Orc:2    | 22813 ||| Stepping ~*~*~tactically~*~*~ (hiding).
 22828 | Orc:2    | Found a staircase to the Elven Halls.
 22854 | Orc:2    | 22854 ||| INVOKING Finesse.
 22903 | Orc:2    | 22903 ||| INVOKING Heroism.
 22913 | Orc:2    | 22913 ||| Stepping ~*~*~tactically~*~*~ (stealth).
 22914 | Orc:2    | 22914 ||| Stepping ~*~*~tactically~*~*~ (stealth).
 22915 | Orc:2    | 22915 ||| Stepping ~*~*~tactically~*~*~ (stealth).
 22916 | Orc:2    | 22916 ||| Stepping ~*~*~tactically~*~*~ (stealth).
 22958 | Orc:2    | 22958 ||| FLEEEEING.
 22959 | Orc:2    | 22959 ||| FLEEEEING.
 22960 | Orc:2    | 22960 ||| FLEEEEING.
 22965 | Orc:2    | 22965 ||| FLEEEEING.
 22966 | Orc:2    | 22966 ||| STAIRDANCE
 23145 | Orc:2    | 23145 ||| Stepping ~*~*~tactically~*~*~ (stealth).
 23146 | Orc:2    | 23146 ||| Stepping ~*~*~tactically~*~*~ (stealth).
 23150 | Orc:2    | 23150 ||| Stepping ~*~*~tactically~*~*~ (hiding).
 23169 | Orc:2    | 23169 ||| Stepping ~*~*~tactically~*~*~ (stealth).
 23171 | Orc:2    | 23171 ||| Stepping ~*~*~tactically~*~*~ (hiding).
 23176 | Orc:2    | 23176 ||| INVOKING Heroism.
 23189 | Orc:2    | Found Tixatiff's Magic Scroll Shop.
 23189 | Orc:2    | Found Ecopei's Antique Armour Boutique.
 23190 | Orc:2    | Found Umytaciw's Antique Weapon Boutique.
 23194 | Orc:2    | Found Acuefud's Armour Shop.
 23197 | Orc:2    | 23197 ||| BUYING scroll of identify (28 gold).
 23197 | Orc:2    | Bought a scroll of identify for 28 gold pieces
 23197 | Orc:2    | 23197 ||| BUYING scroll of teleportation (42 gold).
 23197 | Orc:2    | Bought a scroll of teleportation for 42 gold pieces
 23197 | Orc:2    | 23197 ||| BUYING scroll of teleportation (42 gold).
 23197 | Orc:2    | Bought a scroll of teleportation for 42 gold pieces
 23197 | Orc:2    | 23197 ||| BUYING scroll of teleportation (42 gold).
 23197 | Orc:2    | Bought a scroll of teleportation for 42 gold pieces
 23198 | Orc:2    | 23198 ||| BUYING +1 pair of boots "Pirphadgha" {rF++
                  | Stlth-} (489 gold).
 23198 | Orc:2    | Bought the +1 pair of boots "Pirphadgha" {rF++ Stlth-} for
                  | 489 gold pieces
 23198 | Orc:2    | 23198 ||| SHOPLISTING +2 chain mail of fire resistance (322
                  | gold, have 78).
 23200 | Orc:2    | 23200 ||| SHOPLISTING glowing scarf (280 gold, have 78).
 23200 | Orc:2    | 23200 ||| SHOPLISTING runed cloak (262 gold, have 78).
 23200 | Orc:2    | 23200 ||| SHOPLISTING runed plate armour (910 gold, have
                  | 78).
 23442 | Orc:2    | 23442 ||| PLANNING SWAMP:1-3
 23442 | Orc:2    | 23442 ||| UPGRADING to +1 pair of boots "Pirphadgha" {rF++
                  | Stlth-}.
 23592 | Swamp:1  | Entered Level 1 of the Swamp
 23633 | Swamp:1  | 23633 ||| INVOKING Heroism.
 23682 | Swamp:1  | 23682 ||| INVOKING Heroism.
 23742 | Swamp:1  | 23742 ||| INVOKING Heroism.
 23908 | Swamp:1  | 23908 ||| READING scroll of enchant weapon.
 23908 | Swamp:1  | 23908 ||| ENCHANTING +7 spectral war axe.
 23945 | Swamp:1  | 23945 ||| Stepping ~*~*~tactically~*~*~ (hiding).
 23962 | Swamp:1  | You are sucked into a shaft and drop 1 floor!
 23966 | Swamp:2  | 23966 ||| INVOKING Heroism.
 24093 | Swamp:2  | Noticed Louise
 24100 | Swamp:2  | 24100 ||| INVOKING Heroism.
 24101 | Swamp:2  | 24101 ||| INVOKING Finesse.
 24111 | Swamp:2  | Killed Louise
 24111 | Swamp:2  | Identified the +1 plate armour "Hoxzaah" {Rampage} (Okawaru
                  | gifted it to you on level 2 of the Swamp)
 24111 | Swamp:2  | Received a gift from Okawaru
 24174 | Swamp:2  | 24174 ||| Stepping ~*~*~tactically~*~*~ (stealth).
 24177 | Swamp:2  | 24177 ||| Stepping ~*~*~tactically~*~*~ (stealth).
 24183 | Swamp:2  | 24183 ||| INVOKING Heroism.
 24215 | Swamp:2  | 24215 ||| Stepping ~*~*~tactically~*~*~ (stealth).
 24289 | Swamp:2  | 24289 ||| Stepping ~*~*~tactically~*~*~ (stealth).
 24291 | Swamp:2  | 24291 ||| Stepping ~*~*~tactically~*~*~ (hiding).
 24301 | Swamp:2  | 24301 ||| INVOKING Heroism.
 24387 | Swamp:2  | 24387 ||| Stepping ~*~*~tactically~*~*~ (stealth).
 24420 | Swamp:2  | Reached skill level 17 in Shields
 24433 | Swamp:2  | 24433 ||| Stepping ~*~*~tactically~*~*~ (hiding).
 24434 | Swamp:2  | 24434 ||| INVOKING Heroism.
 24470 | Swamp:2  | 24470 ||| READING scroll of enchant weapon.
 24470 | Swamp:2  | 24470 ||| ENCHANTING +8 spectral war axe.
 24521 | Swamp:2  | 24521 ||| Stepping ~*~*~tactically~*~*~ (cloud).
 24570 | Swamp:2  | Noticed Aizul
 24571 | Swamp:2  | 24571 ||| INVOKING Heroism.
 24572 | Swamp:2  | 24572 ||| INVOKING Finesse.
 24582 | Swamp:2  | Killed Aizul
 24665 | Swamp:1  | 24665 ||| INVOKING Heroism.
 24779 | Swamp:1  | 24779 ||| Stepping ~*~*~tactically~*~*~ (stealth).
 24930 | Swamp:2  | 24930 ||| Stepping ~*~*~tactically~*~*~ (hiding).
 24954 | Swamp:2  | 24954 ||| INVOKING Heroism.
 25347 | Swamp:3  | Noticed a thorn hunter
 25348 | Swamp:3  | 25348 ||| INVOKING Heroism.
 25349 | Swamp:3  | 25349 ||| INVOKING Finesse.
 25362 | Swamp:3  | HP: 20/104 [thorn hunter/volley of thorns (34)]
 25363 | Swamp:3  | 25363 ||| READING 16 scrolls of teleportation.
 25363 | Swamp:3  | Killed from afar by a thorn hunter

Levels and vault maps discovered:
D:1:      psy_arrival_dodecagon, layout_loops_ring
D:2:      layout_basic, serial_curves, eino_curves_02, eino_curves_04,
          basic_altar
D:3:      layout_loops_cross, gammafunk_ghost_cemetery,
          shapermc_ecumenical_altar_petra, uniq_natasha
D:4:      layout_loops_ring, serial_shops, nicolae_inconvenience_store,
          uniq_robin, uniq_pikel
D:5:      layout_basic, grunt_temple_overflow_bloody_war, kennysheep_little_box,
          lemuel_crystal_altar
D:6:      layout_rooms, grunt_temple_overflow_holy_war, serial_shops,
          nicolae_shop_stone, minmay_fractal_squares_5
D:7:      kb_forest_paths, layout_cave_pools, mainiacjoe_overflow_brackets,
          minmay_temple_entry_trees
D:8:      layout_cave_pools, special_room [special_room_orc], enter_ossuary_2,
          minmay_nine_imps
D:9:      layout_cave_pools, nicolae_dithmenos_the_darkroom,
          overflow_temple_1_default, lair_entry_dummy, serial_undead,
          serial_undead_d, serial_undead_a, serial_undead_b, serial_undead_a,
          serial_undead_f, serial_undead_d, serial_undead_c, serial_undead_a,
          serial_bayou_pond_c, minivault_22, uniq_harold
D:10:     layout_basic, overflow_temple_1_default, general_overflow_altar,
          erik_orc_1, gammafunk_ghost_smash, serial_shops, shop
D:11:     layout_roguey, portal_ice_cave_entry_ice_simulacra
D:12:     minmay_expanding_squares, layout_cave_pools,
          gammafunk_ghost_hydra_chop, hangedman_decor_riveting,
          tgw_lugonu_bribe, uniq_azrael
D:13:     layout_grid_maze
D:14:     layout_basic, lightli_vaults_fourway_checkpoint,
          serial_park_tiny_pond, nicolae_shop_dragon_depot, uniq_rupert,
          uniq_josephine
D:15:     hangedman_depths_entry_civil_slaughter, layout_irregular_city,
          gammafunk_ghost_berserking_beasts, serial_shops, shop,
          cheibrodos_ashenzari_chains
Lair:1:   layout_gridlike
Lair:2:   layout_chaotic_city, minmay_swamp_entry_worms,
          spider_nest_entry_funnel_web, nicolae_quartered_pool_impasse,
          uniq_amaemon, uniq_gastronok
Lair:3:   layout_loops_ring, gauntlet_entry_generic, grunt_megastairs_1,
          serial_bayou_shore_a
Lair:4:   layout_regular_city, beast_lair_carwin_11
Lair:5:   evil_forest, layout_cave_pods, slime_entry_1, patterned_corridor,
          infiniplex_staircase_pool_2
Swamp:1:  layout_basic_swamp, serial_swamp_ruin, hangedman_swamp_ruin_hall,
          evilmike_swamp_ruin_house_3
Swamp:2:  layout_falls_marsh, evilmike_swamp_ruin_rubble_2, uniq_aizul,
          uniq_louise
Swamp:3:  layout_basic_swamp, evilmike_swamp_ruin_house_4
Orc:1:    layout_caves, serial_shops, shop, shop
Orc:2:    st_orc_mages, layout_caves, special_room

Skill      XL: |  1  2  3  4  5  6  7  8  9 10 11 12 13 14 15 16 |
---------------+-------------------------------------------------+-----
Axes           | 2 3 4 6 8 9 11 13 14 15 16 | 16.0
Shields        | 4 7 8 9 10 11 14 16 17 | 17.0
Dodging        | 1 2 3 |  3.0
Throwing       | 1 2 6 |  6.7
Invocations    | 2 4 5 10 | 10.4
Fighting       | 4 6 7 9 10 11 13 | 13.0
Armour         | 5 6 7 9 10 11 | 11.0

Action                   |  1- 3 |  4- 6 |  7- 9 | 10-12 | 13-15 | 16-18 || total
-------------------------+-------+-------+-------+-------+-------+-------++-------
Melee: War axe           |   113 |    76 |   168 |   506 |   741 |   291 ||  1895
       Kick              |       |       |       |       |    11 |       ||    11
       Demon whip        |       |       |       |       |    67 |       ||    67
Throw: Javelin           |       |     3 |    42 |    81 |   161 |    40 ||   327
       Boomerang         |       |       |       |    49 |     3 |    16 ||    68
Invok: Heroism           |       |       |    12 |    28 |    43 |    22 ||   105
       Finesse           |       |       |       |       |    11 |     6 ||    17
  Use: Scroll            |     8 |     4 |     5 |     9 |     9 |     3 ||    38
       Potion            |     4 |     2 |       |     4 |     3 |       ||    13
 Stab: Distracted        |       |       |       |       |     6 |     7 ||    13
Armor: Scale mail        |    84 |    38 |    65 |       |       |       ||   187
       Plate armour      |       |       |    19 |   268 |   345 |    62 ||   694
Dodge: Dodged            |    67 |    19 |    32 |   101 |   157 |    47 ||   423
Block: Buckler           |    26 |     1 |       |       |       |       ||    27
       Kite shield       |       |    34 |    94 |   261 |   261 |       ||   650
       Tower shield      |       |       |       |       |   218 |   165 ||   383

Table legend:
 A = Non-vault XP
 B = Vault XP
 C = Vault XP percentage of total XP
 D = Non-vault monster count
 E = Vault monster count
 F = Vault count percentage of total count
                 A         B        C        D         E       F
            +---------+---------+-------+---------+---------+-------
      Total |  102423 |   63742 |  38.4 |     480 |     302 |  38.6
            +---------+---------+-------+---------+---------+-------
        D:1 |      60 |       0 |   0.0 |      28 |       0 |   0.0
        D:2 |      21 |       0 |   0.0 |      13 |       0 |   0.0
        D:3 |      52 |      36 |  40.9 |      12 |       1 |   7.7
        D:4 |     113 |     663 |  85.4 |      15 |      12 |  44.4
        D:5 |     757 |       3 |   0.4 |      17 |       1 |   5.6
        D:6 |     654 |     645 |  49.7 |       9 |       7 |  43.8
        D:7 |    2262 |     341 |  13.1 |      30 |       6 |  16.7
        D:8 |    2417 |     937 |  27.9 |      22 |      34 |  60.7
        D:9 |    2367 |    5815 |  71.1 |      13 |      35 |  72.9
       D:10 |    3978 |     551 |  12.2 |      18 |      17 |  48.6
       D:11 |    2798 |     473 |  14.5 |      19 |       7 |  26.9
       D:12 |    3093 |   11211 |  78.4 |       8 |      26 |  76.5
       D:13 |    5877 |       0 |   0.0 |      15 |       0 |   0.0
       D:14 |    9457 |   11543 |  55.0 |      23 |      18 |  43.9
       D:15 |   14962 |    4403 |  22.7 |      28 |       6 |  17.6
     Lair:1 |    5981 |       0 |   0.0 |      30 |       0 |   0.0
     Lair:2 |     344 |    3779 |  91.7 |       2 |       7 |  77.8
     Lair:3 |    2399 |    1153 |  32.5 |      11 |       8 |  42.1
     Lair:4 |    7354 |     972 |  11.7 |      26 |       3 |  10.3
     Lair:5 |    6803 |    8992 |  56.9 |      19 |      26 |  57.8
    Swamp:1 |    7144 |       0 |   0.0 |      21 |       0 |   0.0
    Swamp:2 |   14085 |    2347 |  14.3 |      27 |       2 |   6.9
      Orc:1 |    6315 |       0 |   0.0 |      44 |       0 |   0.0
      Orc:2 |    3130 |    5268 |  62.7 |      30 |      35 |  53.8
    Ossuary |       0 |     399 | 100.0 |       0 |      37 | 100.0
   Gauntlet |       0 |    4211 | 100.0 |       0 |      14 | 100.0
            +---------+---------+-------+---------+---------+-------
